Workbook
Name _ftn1: Orcamento!$B$10
Name _ftnref1: Orcamento!#REF!
Name _Toc89844996: Orcamento!#REF!

Sheet Orcamento
B8: Estado do Rio Grande do Sul
B9: MUNICÍPIO DE SÃO VENDELINO
A10: Planilha de Orçamento - Global
C11: Proprietario: Prefeitura Municipal de São Vendelino, CNPJ.: 91.984.492/0001-52 | H11: Extensão:[m] 215,00 | L11: Área a ser pavimentada Calçada:[m²] 426,80
C12: Obra: Drenagem Rua José Fritzen, Rua Emancipação - Calçada de Passeio - Rua Erminio Weirich - Rua Silfredo SeibertRua | G12: B.D.I. | K12: Encargos Sociais sobre preco da M.O
C13: End. Várias Localidades | G13: 0.2195 | K13: Não Desonerado: 112,88% (hora) 69,79%(mês)
C14: Planilha Orçamentária Sintética Com Valor do Material e da Mão de Obra
A15: Cod. SINAPI | B15: Item | C15: Descrição | D15: Und | E15: Quant. | F15: Valor Unit s/ BDI | G15: Valor Unit com BDI | J15: Total | M15: Peso (%)
G16: M. O. | H16: MAT. | I16: Total | J16: M. O. | K16: MAT. | L16: Total
C17: Rua José Fritzen
B18: 1 | C18: SERVIÇOS PRELIMINARES | L18: =SUM(L19:L22) -> 4440.82 | M18: =L18/$L$161 -> 0.0039596776
A19: 90781 | B19: 1.1 | C19: TOPÓGRAFO COM ENCARGOS SOCIAIS | D19: H | E19: 7 | F19: 47.82 | G19: =ROUND((F19*(1+$G$13)*0.3),2) -> 17.49 | H19: =ROUND((F19*(1+$G$13)*0.7),2) -> 40.82 | I19: =H19+G19 -> 58.31 | J19: =ROUND(G19*E19,2) -> 122.43 | K19: =ROUND(H19*E19,2) -> 285.74 | L19: =K19+J19 -> 408.17 | M19: =L19/$L$161 -> 0.00036394666
A20: 88253 | B20: 1.2 | C20: AUXILIAR DE TOPÓGRAFO COM ENCARGOS SOCIAIS | D20: H | E20: 7 | F20: 24.37 | G20: =ROUND((F20*(1+$G$13)*0.3),2) -> 8.92 | H20: =ROUND((F20*(1+$G$13)*0.7),2) -> 20.8 | I20: =H20+G20 -> 29.72 | J20: =ROUND(G20*E20,2) -> 62.44 | K20: =ROUND(H20*E20,2) -> 145.6 | L20: =K20+J20 -> 208.04 | M20: =L20/$L$161 -> 0.00018549982
A21: 103689 | B21: 1.3 | C21: FORNECIMENTO E INSTALAÇÃO DE PLACA DE OBRA COM CHAPA GALVANIZADA E ESTRUTURA DE MADEIRA - PADRÃO GOPVERNO FEDERAL - 300X200 | D21: m² | E21: =2*3 -> 6 | F21: 496.79 | G21: =ROUND((F21*(1+$G$13)*0.3),2) -> 181.75 | H21: =ROUND((F21*(1+$G$13)*0.7),2) -> 424.08 | I21: =H21+G21 -> 605.83 | J21: =ROUND(G21*E21,2) -> 1090.5 | K21: =ROUND(H21*E21,2) -> 2544.48 | L21: =K21+J21 -> 3634.98 | M21: =L21/$L$161 -> 0.0032411466
A22: 98525 | B22: 1.4 | C22: LIMPEZA DO TERRENO. REMOÇÃO MECANIZADA DA CAMADA DE VEGETAÇÃO, REMOÇÃO DE MATERIAL, NIVELAMENTO. 90m X 2,45m | D22: m² | E22: =ROUND(90*2.45,4) -> 220.5 | F22: 0.7 | G22: =ROUND((F22*(1+$G$13)*0.3),2) -> 0.26 | H22: =ROUND((F22*(1+$G$13)*0.7),2) -> 0.6 | I22: =H22+G22 -> 0.86 | J22: =ROUND(G22*E22,2) -> 57.33 | K22: =ROUND(H22*E22,2) -> 132.3 | L22: =K22+J22 -> 189.63 | M22: =L22/$L$161 -> 0.00016908446
B24: 2 | C24: DEMOLIÇÕES DE CALÇADA DE PASSEIO EXISTENTE | L24: =SUM(L25) -> 7675.92 | M24: =L24/$L$161 -> 0.0068442694
A25: 97623 | B25: 2.1 | C25: DEMOLIÇÃO DE CALÇADA DE PASSEIO DE FORMA MANUAL COM REAPROVEITAMENTO DAS PEDRAS DE BASALTO | D25: m³ | E25: =30.36 -> 30.36 | F25: 207.32 | G25: =ROUND((F25*(1+$G$13)*0.3),2) -> 75.85 | H25: =ROUND((F25*(1+$G$13)*0.7),2) -> 176.98 | I25: =H25+G25 -> 252.83 | J25: =ROUND(G25*E25,2) -> 2302.81 | K25: =ROUND(H25*E25,2) -> 5373.11 | L25: =K25+J25 -> 7675.92 | M25: =L25/$L$161 -> 0.0068442694
B27: 3 | C27: MOVIMENTAÇÃO DE TERRA | L27: =SUM(L28:L30) -> 47217.18 | M27: =L27/$L$161 -> 0.042101416
A28: 101245 | B28: 3.1 | C28: ESCAVAÇÃO VERTICAL A CÉU ABERTO EM OBRAS DE INFRAESTRUTURA, INC. CARGA/DESCARGA E TRANSPORTE, EM SOLO DE 1ª CATEGORIA, C/ ESCAVADEIRA HIDRAULICA, DMT 2KM - COMPRIMENTO INTERVENÇÕES - INCLUINDO DEMOLIÇÃO MECÂNICA DAS CAIXAS EXISTENTES | D28: m³ | E28: 897.98 | F28: 18.58 | G28: =ROUND((F28*(1+$G$13)*0.3),2) -> 6.8 | H28: =ROUND((F28*(1+$G$13)*0.7),2) -> 15.86 | I28: =H28+G28 -> 22.66 | J28: =ROUND(G28*E28,2) -> 6106.26 | K28: =ROUND(H28*E28,2)+0.01 -> 14241.97 | L28: =K28+J28 -> 20348.23 | M28: =L28/$L$161 -> 0.018143593
A29: 100574 | B29: 3.2 | C29: ESPALHAMENTO DE MATERIAL COM TRATOR ESTEIRA (30% Empolamento) | D29: m³ | E29: =ROUND((E28)*1.3,4) -> 1167.374 | F29: 1.48 | G29: =ROUND((F29*(1+$G$13)*0.3),2) -> 0.54 | H29: =ROUND((F29*(1+$G$13)*0.7),2) -> 1.26 | I29: =H29+G29 -> 1.8 | J29: =ROUND(G29*E29,2) -> 630.38 | K29: =ROUND(H29*E29,2) -> 1470.89 | L29: =K29+J29 -> 2101.27 | M29: =L29/$L$161 -> 0.0018736071
A30: 93382 | B30: 3.3 | C30: REATERRO MANUAL DE VALA, COM COMPACTADOR DE SOLO DE PERCUSSÃO | D30: m³ | E30: 655.75 | F30: 30.97 | G30: =ROUND((F30*(1+$G$13)*0.3),2) -> 11.33 | H30: =ROUND((F30*(1+$G$13)*0.7),2) -> 26.44 | I30: =H30+G30 -> 37.77 | J30: =ROUND(G30*E30,2) -> 7429.65 | K30: =ROUND(H30*E30,2) -> 17338.03 | L30: =K30+J30 -> 24767.68 | M30: =L30/$L$161 -> 0.022084216
B32: 4 | C32: DRENAGEM DE ÁGUAS PLUVIAIS E ENTRADAS MORADORES | L32: =SUM(L33:L38) -> 212073.18 | M32: =L32/$L$161 -> 0.18909603
A33: 1600404 - SICRO | B33: 4.1 | C33: REMOÇÃO DE TUBOS DE CONCRETO COM DIÂMETRO DE 0,40m A 1,0m | D33: UNID | E33: 175 | F33: 11.72 | G33: =ROUND((F33*(1+$G$13)*0.3),2) -> 4.29 | H33: =ROUND((F33*(1+$G$13)*0.7),2) -> 10 | I33: =H33+G33 -> 14.29 | J33: =ROUND(G33*E33,2) -> 750.75 | K33: =ROUND(H33*E33,2) -> 1750 | L33: =K33+J33 -> 2500.75 | M33: =L33/$L$161 -> 0.0022298052
A34: 2003830 - SICRO | B34: 4.2 | C34: TUBO DE CONCRETO PA1, DN 1.000mm, FORNECIMENTO E INSTALAÇÃO | D34: UNID | E34: 215 | F34: 649.12 | G34: =ROUND((F34*(1+$G$13)*0.3),2) -> 237.48 | H34: =ROUND((F34*(1+$G$13)*0.7),2) -> 554.12 | I34: =H34+G34 -> 791.6 | J34: =ROUND(G34*E34,2) -> 51058.2 | K34: =ROUND(H34*E34,2) -> 119135.8 | L34: =K34+J34 -> 170194 | M34: =L34/$L$161 -> 0.15175426
A35: COMP 4 | B35: 4.3 | C35: CAIXA 120X120X120 - , ESPESSURA DA PAREDE 0,25m, ALVENARIA DE EMBASAMENTO COM BLOCOS ESTRUTURAIS DE CONCRETO MACIÇOS, ASSENTADO COM ARGAMASSA PROEPARO EM BETONEIRA - R$ 1.131,68/m³ | D35: unid. | E35: 7 | F35: 1717.75 | G35: =ROUND((F35*(1+$G$13)*0.3),2) -> 628.44 | H35: =ROUND((F35*(1+$G$13)*0.7),2) -> 1466.36 | I35: =H35+G35 -> 2094.8 | J35: =ROUND(G35*E35,2) -> 4399.08 | K35: =ROUND(H35*E35,2) -> 10264.52 | L35: =K35+J35 -> 14663.6 | M35: =L35/$L$161 -> 0.013074866
A36: 97953 | B36: 4.4 | C36: CAIXA BOC DE LOBO COM GRELHA RETANGULAR, EM ALVENARIA COM BLOCOS DE CONCRETO, DIMENSÕES INTERNAS 0,7m X0,40m | D36: unid. | E36: 8 | F36: 1673.09 | G36: =ROUND((F36*(1+$G$13)*0.3),2) -> 612.1 | H36: =ROUND((F36*(1+$G$13)*0.7),2) -> 1428.23 | I36: =H36+G36 -> 2040.33 | J36: =ROUND(G36*E36,2) -> 4896.8 | K36: =ROUND(H36*E36,2) -> 11425.84 | L36: =K36+J36 -> 16322.64 | M36: =L36/$L$161 -> 0.014554157
A37: COMP 3 | B37: 4.5 | C37: TAMPÃO DE CONCRETO ARMADO PARA CAIXA, 160X160X10 | D37: unid. | E37: 7 | F37: 674.61 | G37: =ROUND((F37*(1+$G$13)*0.3),2) -> 246.81 | H37: =ROUND((F37*(1+$G$13)*0.7),2) -> 575.88 | I37: =H37+G37 -> 822.69 | J37: =ROUND(G37*E37,2) -> 1727.67 | K37: =ROUND(H37*E37,2) -> 4031.16 | L37: =K37+J37 -> 5758.83 | M37: =L37/$L$161 -> 0.0051348873
A38: 92851 | B38: 4.6 | C38: TUBO DE CONCRETO SIMPLES - PA1 - PARA REDES COLETORAS DE ESGOTO PLUVIAL, DN 400mm, JUNTA ELÁSTICA, INSTALADO EM LOCAL COM BAIXO NÍVEL DE INTERFERÊNCIA - FORNECIMENTO E ASSENTAMENTO, PARA LIGAÇÃO DA BOCA DE LOBA A CAIXA | D38: m | E38: 8 | F38: 269.92 | G38: =ROUND((F38*(1+$G$13)*0.3),2) -> 98.75 | H38: =ROUND((F38*(1+$G$13)*0.7),2) -> 230.42 | I38: =H38+G38 -> 329.17 | J38: =ROUND(G38*E38,2) -> 790 | K38: =ROUND(H38*E38,2) -> 1843.36 | L38: =K38+J38 -> 2633.36 | M38: =L38/$L$161 -> 0.0023480476
B40: 5 | C40: CALÇADA DE PASSEIO | L40: =SUM(L41:L51) -> 70839.97 | M40: =L40/$L$161 -> 0.063164785
A41: 100576 | B41: 5.1 | C41: REGULARIZAÇÃO E COMPACTAÇÃO DE SUBLEITO - Caixa carroçavel + Calçada | D41: m² | E41: =ROUND(426.8*0.5,4) -> 213.4 | F41: 3.03 | G41: =ROUND((F41*(1+$G$13)*0.3),2) -> 1.11 | H41: =ROUND((F41*(1+$G$13)*0.7),2) -> 2.59 | I41: =H41+G41 -> 3.7 | J41: =ROUND(G41*E41,2) -> 236.87 | K41: =ROUND(H41*E41,2) -> 552.71 | L41: =K41+J41 -> 789.58 | M41: =L41/$L$161 -> 0.00070403264
A42: 96399 | B42: 5.2 | C42: BASE DE BRITA GRADUADA, EXECUÇÃO E COMPACTAÇÃO DE BASE OU SUB BASE PARA PAVIMENTAÇÃO, ENCHIMENTO DE BRITA E CAMADA DE BLOQUEIO - E=15cm | D42: m³ | E42: =ROUND(426.8*0.15,4) -> 64.02 | F42: 123.04 | G42: =ROUND((F42*(1+$G$13)*0.3),2) -> 45.01 | H42: =ROUND((F42*(1+$G$13)*0.7),2) -> 105.03 | I42: =H42+G42 -> 150.04 | J42: =ROUND(G42*E42,2) -> 2881.54 | K42: =ROUND(H42*E42,2) -> 6724.02 | L42: =K42+J42 -> 9605.56 | M42: =L42/$L$161 -> 0.0085648418
A43: 95876 | B43: 5.3 | C43: TRASPORTE COM CAMINHãO BASCULANTE DE 14m³, EM VIA URBANA PAVIMENTADA, DTM 26KM (pedreira mais próxima) - Valor do custo do trasporte de 1KM * DMT - Empolamento 30% - DMT 26KM, Pedreira mais próxima | D43: m³ * 26KM | E43: =ROUND(E42*1.3*26,2) -> 2163.88 | F43: =2.47 -> 2.47 | G43: =ROUND((F43*(1+$G$13)*0.3),2) -> 0.9 | H43: =ROUND((F43*(1+$G$13)*0.7),2) -> 2.11 | I43: =H43+G43 -> 3.01 | J43: =ROUND(G43*E43,2) -> 1947.49 | K43: =ROUND(H43*E43,2) -> 4565.79 | L43: =K43+J43 -> 6513.28 | M43: =L43/$L$161 -> 0.0058075961
A44: 96396 | B44: 5.4 | C44: BASE DE BRITA GRADUADA, INCLISIVE COMPACTAÇÃO, E=5cm, EXCLUSIVE TRANSPORTE - Calçada TOTALMENTE NOVA | D44: m³ | E44: =51*0.05 -> 2.55 | F44: 180.32 | G44: =ROUND((F44*(1+$G$13)*0.3),2) -> 65.97 | H44: =ROUND((F44*(1+$G$13)*0.7),2) -> 153.93 | I44: =H44+G44 -> 219.9 | J44: =ROUND(G44*E44,2) -> 168.22 | K44: =ROUND(H44*E44,2)+0.01 -> 392.53 | L44: =K44+J44 -> 560.75 | M44: =L44/$L$161 -> 0.00049999532
A45: 95876 | B45: 5.5 | C45: TRASPORTE COM CAMINHãO BASCULANTE DE 14m³, EM VIA URBANA PAVIMENTADA, DTM 26KM (pedreira mais próxima) - Valor do custo do trasporte de 1KM * DMT - Empolamento 30% - DMT 26KM, Pedreira mais próxima | D45: m³ * 26KM | E45: =ROUND(E44*1.3*26,2) -> 86.19 | F45: =2.47 -> 2.47 | G45: =ROUND((F45*(1+$G$13)*0.3),2) -> 0.9 | H45: =ROUND((F45*(1+$G$13)*0.7),2) -> 2.11 | I45: =H45+G45 -> 3.01 | J45: =ROUND(G45*E45,2) -> 77.57 | K45: =ROUND(H45*E45,2) -> 181.86 | L45: =K45+J45 -> 259.43 | M45: =L45/$L$161 -> 0.00023132195
A46: 94273 | B46: 5.6 | C46: ASSENTAMENTO DE GUIA (MEIO-FIO), EM TRECHO RETO, CONFECCIONADO COM CONCRETO PRÉ FABRICADO, DIMENSÕES 100X15/13X30cm (Comprimento * Largura inferior / Largura Superior * altura) | D46: m | E46: 51 | F46: 53.35 | G46: =ROUND((F46*(1+$G$13)*0.3),2) -> 19.52 | H46: =ROUND((F46*(1+$G$13)*0.7),2) -> 45.54 | I46: =H46+G46 -> 65.06 | J46: =ROUND(G46*E46,2) -> 995.52 | K46: =ROUND(H46*E46,2) -> 2322.54 | L46: =K46+J46 -> 3318.06 | M46: =L46/$L$161 -> 0.0029585635
A47: 101855 | B47: 5.7 | C47: REASSENTAMENTO DE PEDRAS POLIÉDRIACAS REJUNTAMENTO COM ARGAMASSA, COM REAPROVEITAMENTO DAS PEDRAS POLIEDRICAS | D47: m² | E47: 303.8 | F47: 90.3 | G47: =ROUND((F47*(1+$G$13)*0.3),2) -> 33.04 | H47: =ROUND((F47*(1+$G$13)*0.7),2) -> 77.08 | I47: =H47+G47 -> 110.12 | J47: =ROUND(G47*E47,2) -> 10037.55 | K47: =ROUND(H47*E47,2)+0.01 -> 23416.91 | L47: =K47+J47 -> 33454.46 | M47: =L47/$L$161 -> 0.029829823
A48: 104626 | B48: 5.8 | C48: EXECUÇÃO DE PASSEIO (CALÇADA) OU PISO DE CONCRETO MOLDADO IN LOCO, CONCRETO USINADO C25, ACABAMENTO REGOADO, LISO, COM CAIMENTO PARA A RUA, 5cm DE ESPESSURA, CORTADO (JUNTAS DE DILATAÇÃO) A CADA 4m. | D48: m³ | E48: =ROUND((51+11)*0.05,2) -> 3.1 | F48: 920.2 | G48: =ROUND((F48*(1+$G$13)*0.3),2) -> 336.66 | H48: =ROUND((F48*(1+$G$13)*0.7),2) -> 785.53 | I48: =H48+G48 -> 1122.19 | J48: =ROUND(G48*E48,2) -> 1043.65 | K48: =ROUND(H48*E48,2) -> 2435.14 | L48: =K48+J48 -> 3478.79 | M48: =L48/$L$161 -> 0.0031018791
A49: 104658 | B49: 5.9 | C49: PISO PODOTÁTIL DIRECIONAL, DE CONCRETO, COR AMARELO, ASSENTADO SOBRE ARGAMASSA, EM CONFORMIDADE COM ABNT NBR 16537/2025 | D49: m² | E49: =ROUND((214+11-39)*0.25,2) -> 46.5 | F49: 155.61 | G49: =ROUND((F49*(1+$G$13)*0.3),2) -> 56.93 | H49: =ROUND((F49*(1+$G$13)*0.7),2) -> 132.84 | I49: =H49+G49 -> 189.77 | J49: =ROUND(G49*E49,2) -> 2647.25 | K49: =ROUND(H49*E49,2) -> 6177.06 | L49: =K49+J49 -> 8824.31 | M49: =L49/$L$161 -> 0.0078682366
A50: 104658 | B50: 5.10 | C50: PISO PODOTÁTIL ALERTA, DE CONCRETO, COR AMARELO, ASSENTADO SOBRE ARGAMASSA, EM CONFORMIDADE COM ABNT NBR 16537/2025 | D50: m² | E50: =24*0.25 -> 6 | F50: 155.61 | G50: =ROUND((F50*(1+$G$13)*0.3),2) -> 56.93 | H50: =ROUND((F50*(1+$G$13)*0.7),2) -> 132.84 | I50: =H50+G50 -> 189.77 | J50: =ROUND(G50*E50,2) -> 341.58 | K50: =ROUND(H50*E50,2) -> 797.04 | L50: =K50+J50 -> 1138.62 | M50: =L50/$L$161 -> 0.0010152558
A51: 105002 | B51: 5.11 | C51: RAMPA DE ACESSIBILIDADE EM CONCRETO MOLDADO IN LOCO, EM CALÇADA, FCK=25MPA, INCLUÍDO PISO PODOTÁTIL DE ALERTA, CONFORME ABNT NBR 16537/2025 | D51: UNIDADE | E51: 3 | F51: 791.89 | G51: =ROUND((F51*(1+$G$13)*0.3),2) -> 289.71 | H51: =ROUND((F51*(1+$G$13)*0.7),2) -> 676 | I51: =H51+G51 -> 965.71 | J51: =ROUND(G51*E51,2) -> 869.13 | K51: =ROUND(H51*E51,2) -> 2028 | L51: =K51+J51 -> 2897.13 | M51: =L51/$L$161 -> 0.0025832393
B53: 6 | C53: INTERVENÇÕES NA CAIXA CARROÇÁVEL COM CBUQ | L53: =SUM(L54:L66) -> 36879.21 | M53: =L53/$L$161 -> 0.032883517
A54: 91283 | B54: 6.1 | C54: CORTADOR DE PISO COM MOTOR 4 TEMPOS A GASOLINA, POTÊNCIA DE 13HP, COM DISCO DE CORTE DIAMANTADO SEGMENTADO PARA CONCRETO, CHP DIURNO | D54: CHP | E54: 8 | F54: 10.19 | G54: =ROUND((F54*(1+$G$13)*0.3),2) -> 3.73 | H54: =ROUND((F54*(1+$G$13)*0.7),2) -> 8.7 | I54: =H54+G54 -> 12.43 | J54: =ROUND(G54*E54,2) -> 29.84 | K54: =ROUND(H54*E54,2) -> 69.6 | L54: =K54+J54 -> 99.44 | M54: =L54/$L$161 -> 8.8666134e-05
A55: 91285 | B55: 6.2 | C55: CORTADORA DE PISO COM MOTOR 4 TEMPOS A GASOLINA, POTÊNCIA DE 13 HP, COM DISCO DE CORTE chi | D55: CHI | E55: 4 | F55: 0.57 | G55: =ROUND((F55*(1+$G$13)*0.3),2) -> 0.21 | H55: =ROUND((F55*(1+$G$13)*0.7),2) -> 0.49 | I55: =H55+G55 -> 0.7 | J55: =ROUND(G55*E55,2) -> 0.84 | K55: =ROUND(H55*E55,2) -> 1.96 | L55: =K55+J55 -> 2.8 | M55: =L55/$L$161 -> 2.4966329e-06
A56: 101245 | B56: 6.3 | C56: ESCAVAÇÃO VERTICAL A CÉU ABERTO EM OBRAS DE INFRAESTRUTURA, INC. CARGA/DESCARGA E TRANSPORTE, EM SOLO DE 1ª CATEGORIA, C/ ESCAVADEIRA HIDRAULICA, DMT 2KM - COMPRIMENTO INTERVENÇÕES * 2,2 cm * 2,20m * 42 | D56: m³ | E56: =ROUND(2.2*2.2*42,2) -> 203.28 | F56: 18.58 | G56: =ROUND((F56*(1+$G$13)*0.3),2) -> 6.8 | H56: =ROUND((F56*(1+$G$13)*0.7),2) -> 15.86 | I56: =H56+G56 -> 22.66 | J56: =ROUND(G56*E56,2) -> 1382.3 | K56: =ROUND(H56*E56,2) -> 3224.02 | L56: =K56+J56 -> 4606.32 | M56: =L56/$L$161 -> 0.0041072464
A57: 100574 | B57: 6.4 | C57: ESPALHAMENTO DE MATERIAL COM TRATOR ESTEIRA (30% Empolamento) | D57: m³ | E57: =ROUND((E56)*1.3,2) -> 264.26 | F57: 1.48 | G57: =ROUND((F57*(1+$G$13)*0.3),2) -> 0.54 | H57: =ROUND((F57*(1+$G$13)*0.7),2) -> 1.26 | I57: =H57+G57 -> 1.8 | J57: =ROUND(G57*E57,2) -> 142.7 | K57: =ROUND(H57*E57,2) -> 332.97 | L57: =K57+J57 -> 475.67 | M57: =L57/$L$161 -> 0.00042413335
A58: 100576 | B58: 6.5 | C58: REGULARIZAÇÃO E COMPACTAÇÃO DE SUBLEITO - 42m * 2,2m | D58: m² | E58: =42*2.2 -> 92.4 | F58: 3.03 | G58: =ROUND((F58*(1+$G$13)*0.3),2) -> 1.11 | H58: =ROUND((F58*(1+$G$13)*0.7),2) -> 2.59 | I58: =H58+G58 -> 3.7 | J58: =ROUND(G58*E58,2) -> 102.56 | K58: =ROUND(H58*E58,2) -> 239.32 | L58: =K58+J58 -> 341.88 | M58: =L58/$L$161 -> 0.00030483888
A59: 96399 | B59: 6.6 | C59: SUB BASE RACHÃO, EXECUÇÃO E COMPACTAÇÃO DE BASE OU SUB BASE PARA PAVIMENTAÇÃO, ENCHIMENTO DE BRITA E CAMADA DE BLOQUEIO - 42 * 2,2 * 0,5 | D59: m³ | E59: =42*2.2*0.5 -> 46.2 | F59: 123.04 | G59: =ROUND((F59*(1+$G$13)*0.3),2) -> 45.01 | H59: =ROUND((F59*(1+$G$13)*0.7),2) -> 105.03 | I59: =H59+G59 -> 150.04 | J59: =ROUND(G59*E59,2) -> 2079.46 | K59: =ROUND(H59*E59,2) -> 4852.39 | L59: =K59+J59 -> 6931.85 | M59: =L59/$L$161 -> 0.006180816
A60: 95876 | B60: 6.7 | C60: TRASPORTE DO RACHÃO COM CAMINHÃO BASCULANTE DE 14m³, EM VIA URBANA PAVIMENTADA, DMT 26KM (PEDREIRA MAIS PRÓXIMA) - Volume multiplicado pela DMT | D60: m³ * 26KM | E60: =ROUND(E59*1.3*26,2) -> 1561.56 | F60: 2.47 | G60: =ROUND((F60*(1+$G$13)*0.3),2) -> 0.9 | H60: =ROUND((F60*(1+$G$13)*0.7),2) -> 2.11 | I60: =H60+G60 -> 3.01 | J60: =ROUND(G60*E60,2) -> 1405.4 | K60: =ROUND(H60*E60,2)+0.01 -> 3294.9 | L60: =K60+J60 -> 4700.3 | M60: =L60/$L$161 -> 0.0041910441
A61: 96396 | B61: 6.8 | C61: BASE DE BRITA GRADUADA, INCLISIVE COMPACTAÇÃO, E=15cm, EXCLUSIVE TRANSPORTE - 42m * 2,2m * 0,15m | D61: m³ | E61: =ROUND(42*2.2*0.15,2) -> 13.86 | F61: 180.31 | G61: =ROUND((F61*(1+$G$13)*0.3),2) -> 65.97 | H61: =ROUND((F61*(1+$G$13)*0.7),2) -> 153.92 | I61: =H61+G61 -> 219.89 | J61: =ROUND(G61*E61,2) -> 914.34 | K61: =ROUND(H61*E61,2)+0.01 -> 2133.34 | L61: =K61+J61 -> 3047.68 | M61: =L61/$L$161 -> 0.0027174779
A62: 95876 | B62: 6.9 | C62: TRASPORTE BRITA GRADUADA CAMINHÃO BASCULANTE DE 14m³, EM VIA URBANA PAVIMENTADA, DMT 26KM (PEDREIRA MAIS PRÓXIMA) - Volume multiplicado prela DMT | D62: m³ * 26KM | E62: =ROUND(E61*1.3*26,2) -> 468.47 | F62: =2.47 -> 2.47 | G62: =ROUND((F62*(1+$G$13)*0.3),2) -> 0.9 | H62: =ROUND((F62*(1+$G$13)*0.7),2) -> 2.11 | I62: =H62+G62 -> 3.01 | J62: =ROUND(G62*E62,2) -> 421.62 | K62: =ROUND(H62*E62,2) -> 988.47 | L62: =K62+J62 -> 1410.09 | M62: =L62/$L$161 -> 0.0012573132
A63: CP1 | B63: 6.10 | C63: EXECUÇÃO DE IMPRIMAÇÃO DE BASE DE BRITA GRADUADA COM MATERIAL ASFÁLTICO | D63: m² | E63: =42*2.2 -> 92.4 | F63: 12.08 | G63: =ROUND((F63*(1+$G$13)*0.3),2) -> 4.42 | H63: =ROUND((F63*(1+$G$13)*0.7),2) -> 10.31 | I63: =H63+G63 -> 14.73 | J63: =ROUND(G63*E63,2) -> 408.41 | K63: =ROUND(H63*E63,2) -> 952.64 | L63: =K63+J63 -> 1361.05 | M63: =L63/$L$161 -> 0.0012135865
A64: CP2 | B64: 6.11 | C64: EXECUÇÃO DE PINTURA DE LIGAÇÃO - 42m * 2,2m | D64: m² | E64: =E63 -> 92.4 | F64: 3.12 | G64: =ROUND((F64*(1+$G$13)*0.3),2) -> 1.14 | H64: =ROUND((F64*(1+$G$13)*0.7),2) -> 2.66 | I64: =H64+G64 -> 3.8 | J64: =ROUND(G64*E64,2) -> 105.34 | K64: =ROUND(H64*E64,2) -> 245.78 | L64: =K64+J64 -> 351.12 | M64: =L64/$L$161 -> 0.00031307776
A65: 95995 | B65: 6.12 | C65: CONCRETO BETUMINOSO USINADO A QUENTE (CBUQ), CAP 50/70, E=5cm, EXCLUSIVE TRSPORTE - 42m * 2,2m * 0,05m | D65: m³ | E65: =ROUND(42*2.2*0.05,2) -> 4.62 | F65: 2341.01 | G65: =ROUND((F65*(1+$G$13)*0.3),2) -> 856.46 | H65: =ROUND((F65*(1+$G$13)*0.7),2) -> 1998.4 | I65: =H65+G65 -> 2854.86 | J65: =ROUND(G65*E65,2) -> 3956.85 | K65: =ROUND(H65*E65,2)-0.01 -> 9232.6 | L65: =K65+J65 -> 13189.45 | M65: =L65/$L$161 -> 0.011760434
A66: 95876 | B66: 6.13 | C66: TRASPORTE DO CBUQ COM CAMINHÃO BASCULANTE DE 14m³, EM VIA URBANA PAVIMENTADA, DTM 26KM (PEDREIRA MAIS PRÓXIMA) - Volume multiplicado pela DMT | D66: m³ * 26KM | E66: =ROUND(E65*26,2) -> 120.12 | F66: 2.47 | G66: =ROUND((F66*(1+$G$13)*0.3),2) -> 0.9 | H66: =ROUND((F66*(1+$G$13)*0.7),2) -> 2.11 | I66: =H66+G66 -> 3.01 | J66: =ROUND(G66*E66,2) -> 108.11 | K66: =ROUND(H66*E66,2) -> 253.45 | L66: =K66+J66 -> 361.56 | M66: =L66/$L$161 -> 0.00032238664
B68: 7 | C68: DESLOCAMENTO DE REDE DE ENERGIA ELÉTRICA | L68: =SUM(L69) -> 108000 | M68: =L68/$L$161 -> 0.096298697
A69: ORÇADO RGE | B69: 7.1 | C69: DESLOCAMENTO DE POSTES DE ENERGIA ELÉTRICA | D69: UNID. | E69: 10 | F69: 10000 | G69: =ROUND((F69*(1+0.08)*0.3),2) -> 3240 | H69: =ROUND((F69*(1+0.08)*0.7),2) -> 7560 | I69: =H69+G69 -> 10800 | J69: =ROUND(G69*E69,2) -> 32400 | K69: =ROUND(H69*E69,2) -> 75600 | L69: =K69+J69 -> 108000 | M69: =L69/$L$161 -> 0.096298697
B71: 8 | C71: SERVIÇOS FINAIS | L71: =SUM(L72) -> 1138.48 | M71: =L71/$L$161 -> 0.0010151309
A72: 98519 | B72: 8.1 | C72: REVOLVIMENTO E LIMPEZA MANUAL DE ÁREAS | D72: m² | E72: 214 | F72: 4.36 | G72: =ROUND((F72*(1+$G$13)*0.3),2) -> 1.6 | H72: =ROUND((F72*(1+$G$13)*0.7),2) -> 3.72 | I72: =H72+G72 -> 5.32 | J72: =ROUND(G72*E72,2) -> 342.4 | K72: =ROUND(H72*E72,2) -> 796.08 | L72: =K72+J72 -> 1138.48 | M72: =L72/$L$161 -> 0.0010151309
C76: Rua Silfredo Seibert
B77: 9 | C77: SERVIÇOS PRELIMINARES | L77: =SUM(L78:L80) -> 4251.19 | M77: =L77/$L$161 -> 0.0037905931
A78: 90781 | B78: 9.1 | C78: TOPÓGRAFO COM ENCARGOS SOCIAIS | D78: H | E78: 7 | F78: 47.82 | G78: =ROUND((F78*(1+$G$13)*0.3),2) -> 17.49 | H78: =ROUND((F78*(1+$G$13)*0.7),2) -> 40.82 | I78: =H78+G78 -> 58.31 | J78: =ROUND(G78*E78,2) -> 122.43 | K78: =ROUND(H78*E78,2) -> 285.74 | L78: =K78+J78 -> 408.17 | M78: =L78/$L$161 -> 0.00036394666
A79: 88253 | B79: 9.2 | C79: AUXILIAR DE TOPÓGRAFO COM ENCARGOS SOCIAIS | D79: H | E79: 7 | F79: 24.37 | G79: =ROUND((F79*(1+$G$13)*0.3),2) -> 8.92 | H79: =ROUND((F79*(1+$G$13)*0.7),2) -> 20.8 | I79: =H79+G79 -> 29.72 | J79: =ROUND(G79*E79,2) -> 62.44 | K79: =ROUND(H79*E79,2) -> 145.6 | L79: =K79+J79 -> 208.04 | M79: =L79/$L$161 -> 0.00018549982
A80: 103689 | B80: 9.3 | C80: FORNECIMENTO E INSTALAÇÃO DE PLACA DE OBRA COM CHAPA GALVANIZADA E ESTRUTURA DE MADEIRA - PADRÃO GOPVERNO FEDERAL - 300X200 | D80: m² | E80: =2*3 -> 6 | F80: 496.79 | G80: =ROUND((F80*(1+$G$13)*0.3),2) -> 181.75 | H80: =ROUND((F80*(1+$G$13)*0.7),2) -> 424.08 | I80: =H80+G80 -> 605.83 | J80: =ROUND(G80*E80,2) -> 1090.5 | K80: =ROUND(H80*E80,2) -> 2544.48 | L80: =K80+J80 -> 3634.98 | M80: =L80/$L$161 -> 0.0032411466
B82: 10 | C82: MOVIMENTAÇÃO DE TERRA | L82: =SUM(L83:L88) -> 13325.16 | M82: =L82/$L$161 -> 0.01188144
A83: 102278 | B83: 10.1 | C83: ESCAVAÇÃO MECANIZADA DE VALA COM PROF. MAIOR QUE 1,50 M ATÉ 3,0 M (MÉDIA MONTANTE E JUSANTE/UMA COMPOSIÇÃO POR TRECHO), ESCAVADEIRA (1,2 M3), LARG. DE 1,5 M A 2,5 M, EM SOLO DE 1A CATEGORIA, EM LOCAIS COM ALTO NÍVEL DE INTERFERÊNCIA. AF_09/2024 | D83: m³ | E83: 161.17 | F83: 9.29 | G83: =ROUND((F83*(1+$G$13)*0.3),2) -> 3.4 | H83: =ROUND((F83*(1+$G$13)*0.7),2) -> 7.93 | I83: =H83+G83 -> 11.33 | J83: =ROUND(G83*E83,2) -> 547.98 | K83: =ROUND(H83*E83,2) -> 1278.08 | L83: =K83+J83 -> 1826.06 | M83: =L83/$L$161 -> 0.0016282148
A84: 102312 | B84: 10.2 | C84: ESCAVAÇÃO MECANIZADA DE VALA COM PROF. DE 3,0 M ATÉ 4,5 M (MÉDIA MONTANTE E JUSANTE/UMA COMPOSIÇÃO POR TRECHO), ESCAVADEIRA (1,2 M3), LARG. DE 1,5 M A 2,5 M, EM SOLO DE 2A CATEGORIA, EM LOCAIS COM ALTO NÍVEL DE INTERFERÊNCIA. AF_09/2024 | D84: m³ | E84: 94.5 | F84: 11.17 | G84: =ROUND((F84*(1+$G$13)*0.3),2) -> 4.09 | H84: =ROUND((F84*(1+$G$13)*0.7),2) -> 9.54 | I84: =H84+G84 -> 13.63 | J84: =ROUND(G84*E84,2) -> 386.51 | K84: =ROUND(H84*E84,2) -> 901.53 | L84: =K84+J84 -> 1288.04 | M84: =L84/$L$161 -> 0.0011484868
A85: 102355 | B85: 10.3 | C85: DESMONTE DE MATERIAL DE 3ª CATEGORIA (BLOCOS DE ROCHAS OU MATACOS), EM VALA, COM MARTELETE PNEUMÁTICO MANUAL - EXCLUSIVE RETIRADA, CARGA E TRANSPORTE. AF_03/2021 | D85: m³ | E85: 15.11 | F85: 203.74 | G85: =ROUND((F85*(1+$G$13)*0.3),2) -> 74.54 | H85: =ROUND((F85*(1+$G$13)*0.7),2) -> 173.92 | I85: =H85+G85 -> 248.46 | J85: =ROUND(G85*E85,2) -> 1126.3 | K85: =ROUND(H85*E85,2) -> 2627.93 | L85: =K85+J85 -> 3754.23 | M85: =L85/$L$161 -> 0.0033474765
A86: SICRO 5502407 | B86: 10.4 | C86: Escavação, carga e transporte de material de 2ª categoria - DMT de 800 a 1.000 m - caminho de serviço pavimentado - com carregadeira e caminhão basculante de 14 m³ | D86: m³ | E86: 25.18 | F86: 22.16 | G86: =ROUND((F86*(1+$G$13)*0.3),2) -> 8.11 | H86: =ROUND((F86*(1+$G$13)*0.7),2) -> 18.92 | I86: =H86+G86 -> 27.03 | J86: =ROUND(G86*E86,2) -> 204.21 | K86: =ROUND(H86*E86,2) -> 476.41 | L86: =K86+J86 -> 680.62 | M86: =L86/$L$161 -> 0.00060687796
A87: 100574 | B87: 10.5 | C87: ESPALHAMENTO DE MATERIAL COM TRATOR ESTEIRA (30% Empolamento) | D87: m³ | E87: =ROUND(E83+E84+E85+E86,2) -> 295.96 | F87: 1.48 | G87: =ROUND((F87*(1+$G$13)*0.3),2) -> 0.54 | H87: =ROUND((F87*(1+$G$13)*0.7),2) -> 1.26 | I87: =H87+G87 -> 1.8 | J87: =ROUND(G87*E87,2) -> 159.82 | K87: =ROUND(H87*E87,2) -> 372.91 | L87: =K87+J87 -> 532.73 | M87: =L87/$L$161 -> 0.00047501116
A88: 104740 | B88: 10.6 | C88: REATERRO MECANIZADO DE VALA COM MINICARREGADEIRA, COM COMPACTADOR DE SOLOS DE PERCUSSÃO. AF_08/2023 | D88: m³ | E88: 138.46 | F88: 31.05 | G88: =ROUND((F88*(1+$G$13)*0.3),2) -> 11.36 | H88: =ROUND((F88*(1+$G$13)*0.7),2) -> 26.51 | I88: =H88+G88 -> 37.87 | J88: =ROUND(G88*E88,2) -> 1572.91 | K88: =ROUND(H88*E88,2) -> 3670.57 | L88: =K88+J88 -> 5243.48 | M88: =L88/$L$161 -> 0.0046753731
B90: 11 | C90: DRENAGEM DE ÁGUAS PLUVIAIS E ENTRADAS MORADORES | L90: =SUM(L91:L93) -> 179069.5 | M90: =L90/$L$161 -> 0.15966814
A91: 104491 | B91: 11.1 | C91: ADUELA/ GALERIA FECHADA PRE-MOLDADA DE CONCRETO ARMADO, SECAO QUADRANGULAR INTERNA DE 1,50 X 1,50 M (L X A), MISULA DE 20 X 20 CM, C = 1,00 M, ESPESSURA MIN = 15 CM, TB-45 E FCK DO CONCRETO = 30 MPA FORNECIMENTO E ASSENTAMENTO. AF_01/2023 | D91: unid. | E91: 28 | F91: 4754.17 | G91: =ROUND((F91*(1+$G$13)*0.3),2) -> 1739.31 | H91: =ROUND((F91*(1+$G$13)*0.7),2) -> 4058.4 | I91: =H91+G91 -> 5797.71 | J91: =ROUND(G91*E91,2) -> 48700.68 | K91: =ROUND(H91*E91,2) -> 113635.2 | L91: =K91+J91 -> 162335.88 | M91: =L91/$L$161 -> 0.14474753
A92: SICRO 1600404 | B92: 11.2 | C92: Remoção de tubos de concreto com diâmetro de 0,40 m a 1,00 m em valas e bueiros | D92: unid. | E92: 10 | F92: 11.72 | G92: =ROUND((F92*(1+$G$13)*0.3),2) -> 4.29 | H92: =ROUND((F92*(1+$G$13)*0.7),2) -> 10 | I92: =H92+G92 -> 14.29 | J92: =ROUND(G92*E92,2) -> 42.9 | K92: =ROUND(H92*E92,2) -> 100 | L92: =K92+J92 -> 142.9 | M92: =L92/$L$161 -> 0.00012741744
A93: 101165- (7,2*1,8*,44) | B93: 11.3 | C93: ALAS EM PEDRA GRES ARGAMASSADA, PARA TUBO DE CONCRETO ARMADO, P/ ADUELA DUPLA DE 1.500mm - Espessura da parede 44cm - pedra inteira - 7,2m * 1,8 *0,44m - cod. Sinapi pedra argamassada | D93: unid. | E93: 2 | F93: =1192.88*7.2*1.8*0.44 -> 6802.2789 | G93: =ROUND((F93*(1+$G$13)*0.3),2) -> 2488.61 | H93: =ROUND((F93*(1+$G$13)*0.7),2)-0.02 -> 5806.75 | I93: =H93+G93 -> 8295.36 | J93: =ROUND(G93*E93,2) -> 4977.22 | K93: =ROUND(H93*E93,2) -> 11613.5 | L93: =K93+J93 -> 16590.72 | M93: =L93/$L$161 -> 0.014793192
B95: 12 | C95: INTERVENÇÕES NA CAIXA CARROÇÁVEL COM CBUQ | L95: =SUM(L96:L106) -> 30575 | M95: =L95/$L$161 -> 0.027262339
A96: 91283 | B96: 12.1 | C96: CORTADOR DE PISO COM MOTOR 4 TEMPOS A GASOLINA, POTÊNCIA DE 13HP, COM DISCO DE CORTE DIAMANTADO SEGMENTADO PARA CONCRETO, CHP DIURNO | D96: CHP | E96: =8*2 -> 16 | F96: 10.19 | G96: =ROUND((F96*(1+$G$13)*0.3),2) -> 3.73 | H96: =ROUND((F96*(1+$G$13)*0.7),2) -> 8.7 | I96: =H96+G96 -> 12.43 | J96: =ROUND(G96*E96,2) -> 59.68 | K96: =ROUND(H96*E96,2) -> 139.2 | L96: =K96+J96 -> 198.88 | M96: =L96/$L$161 -> 0.00017733227
A97: 91285 | B97: 12.2 | C97: CORTADORA DE PISO COM MOTOR 4 TEMPOS A GASOLINA, POTÊNCIA DE 13 HP, COM DISCO DE CORTE chi | D97: Chi | E97: =4*2 -> 8 | F97: 0.57 | G97: =ROUND((F97*(1+$G$13)*0.3),2) -> 0.21 | H97: =ROUND((F97*(1+$G$13)*0.7),2) -> 0.49 | I97: =H97+G97 -> 0.7 | J97: =ROUND(G97*E97,2) -> 1.68 | K97: =ROUND(H97*E97,2) -> 3.92 | L97: =K97+J97 -> 5.6 | M97: =L97/$L$161 -> 4.9932658e-06
A98: 100576 | B98: 12.3 | C98: REGULARIZAÇÃO E COMPACTAÇÃO DE SUBLEITO | D98: m² | E98: 131.7 | F98: 3.03 | G98: =ROUND((F98*(1+$G$13)*0.3),2) -> 1.11 | H98: =ROUND((F98*(1+$G$13)*0.7),2) -> 2.59 | I98: =H98+G98 -> 3.7 | J98: =ROUND(G98*E98,2) -> 146.19 | K98: =ROUND(H98*E98,2) -> 341.1 | L98: =K98+J98 -> 487.29 | M98: =L98/$L$161 -> 0.00043449437
A99: 96399 | B99: 12.4 | C99: SUB BASE RACHÃO, EXECUÇÃO E COMPACTAÇÃO DE BASE OU SUB BASE PARA PAVIMENTAÇÃO, ENCHIMENTO DE BRITA E CAMADA DE BLOQUEIO - 40 * 1,2 * ,0,5 | D99: m³ | E99: =ROUND(128.22*0.17,2) -> 21.8 | F99: 123.04 | G99: =ROUND((F99*(1+$G$13)*0.3),2) -> 45.01 | H99: =ROUND((F99*(1+$G$13)*0.7),2) -> 105.03 | I99: =H99+G99 -> 150.04 | J99: =ROUND(G99*E99,2) -> 981.22 | K99: =ROUND(H99*E99,2) -> 2289.65 | L99: =K99+J99 -> 3270.87 | M99: =L99/$L$161 -> 0.0029164863
A100: 95876 | B100: 12.5 | C100: TRASPORTE DO RACHÃO COM CAMINHÃO BASCULANTE DE 14m³, EM VIA URBANA PAVIMENTADA, DMT 26KM (PEDREIRA MAIS PRÓXIMA) - Volume multiplicado pela DMT | D100: m³ * 26KM | E100: =ROUND((E99*1.3*26),2) -> 736.84 | F100: 2.47 | G100: =ROUND((F100*(1+$G$13)*0.3),2) -> 0.9 | H100: =ROUND((F100*(1+$G$13)*0.7),2) -> 2.11 | I100: =H100+G100 -> 3.01 | J100: =ROUND(G100*E100,2) -> 663.16 | K100: =ROUND(H100*E100,2) -> 1554.73 | L100: =K100+J100 -> 2217.89 | M100: =L100/$L$161 -> 0.0019775918
A101: 96396 | B101: 12.6 | C101: BASE DE BRITA GRADUADA, INCLISIVE COMPACTAÇÃO, E=15cm, EXCLUSIVE TRANSPORTE. | D101: m³ | E101: =ROUND(0.15*121.47,2) -> 18.22 | F101: 180.32 | G101: =ROUND((F101*(1+$G$13)*0.3),2) -> 65.97 | H101: =ROUND((F101*(1+$G$13)*0.7),2) -> 153.93 | I101: =H101+G101 -> 219.9 | J101: =ROUND(G101*E101,2) -> 1201.97 | K101: =ROUND(H101*E101,2)+0.01 -> 2804.61 | L101: =K101+J101 -> 4006.58 | M101: =L101/$L$161 -> 0.0035724855
A102: 95876 | B102: 12.7 | C102: TRASPORTE BRITA GRADUADA CAMINHÃO BASCULANTE DE 14m³, EM VIA URBANA PAVIMENTADA, DMT 26KM (PEDREIRA MAIS PRÓXIMA) - Volume multiplicado prela DMT | D102: m³ * 26KM | E102: =ROUND(E101*1.3*26,2) -> 615.84 | F102: 2.47 | G102: =ROUND((F102*(1+$G$13)*0.3),2) -> 0.9 | H102: =ROUND((F102*(1+$G$13)*0.7),2) -> 2.11 | I102: =H102+G102 -> 3.01 | J102: =ROUND(G102*E102,2) -> 554.26 | K102: =ROUND(H102*E102,2) -> 1299.42 | L102: =K102+J102 -> 1853.68 | M102: =L102/$L$161 -> 0.0016528423
A103: CP1 | B103: 12.8 | C103: EXECUÇÃO DE IMPRIMAÇÃO DE BASE DE BRITA GRADUADA COM MATERIAL ASFÁLTICO | D103: m² | E103: 118.55 | F103: 12.08 | G103: =ROUND((F103*(1+$G$13)*0.3),2) -> 4.42 | H103: =ROUND((F103*(1+$G$13)*0.7),2) -> 10.31 | I103: =H103+G103 -> 14.73 | J103: =ROUND(G103*E103,2) -> 523.99 | K103: =ROUND(H103*E103,2) -> 1222.25 | L103: =K103+J103 -> 1746.24 | M103: =L103/$L$161 -> 0.0015570429
A104: CP2 | B104: 12.9 | C104: EXECUÇÃO DE PINTURA DE LIGAÇÃO | D104: m² | E104: =E103 -> 118.55 | F104: 3.12 | G104: =ROUND((F104*(1+$G$13)*0.3),2) -> 1.14 | H104: =ROUND((F104*(1+$G$13)*0.7),2) -> 2.66 | I104: =H104+G104 -> 3.8 | J104: =ROUND(G104*E104,2) -> 135.15 | K104: =ROUND(H104*E104,2) -> 315.34 | L104: =K104+J104 -> 450.49 | M104: =L104/$L$161 -> 0.00040168148
A105: 95995 | B105: 12.10 | C105: CONCRETO BETUMINOSO USINADO A QUENTE (CBUQ), CAP 50/70, E=5cm, EXCLUSIVE TRSPORTE | D105: m³ | E105: =ROUND(111.32*0.05,2) -> 5.57 | F105: 2341.01 | G105: =ROUND((F105*(1+$G$13)*0.3),2) -> 856.46 | H105: =ROUND((F105*(1+$G$13)*0.7),2) -> 1998.4 | I105: =H105+G105 -> 2854.86 | J105: =ROUND(G105*E105,2) -> 4770.48 | K105: =ROUND(H105*E105,2) -> 11131.09 | L105: =K105+J105 -> 15901.57 | M105: =L105/$L$161 -> 0.014178708
A106: 95876 | B106: 12.11 | C106: TRASPORTE DO CBUQ COM CAMINHÃO BASCULANTE DE 14m³, EM VIA URBANA PAVIMENTADA, DTM 26KM (PEDREIRA MAIS PRÓXIMA) - Volume multiplicado pela DMT | D106: m³ * 26KM | E106: =ROUND(E105*26,2) -> 144.82 | F106: 2.47 | G106: =ROUND((F106*(1+$G$13)*0.3),2) -> 0.9 | H106: =ROUND((F106*(1+$G$13)*0.7),2) -> 2.11 | I106: =H106+G106 -> 3.01 | J106: =ROUND(G106*E106,2) -> 130.34 | K106: =ROUND(H106*E106,2) -> 305.57 | L106: =K106+J106 -> 435.91 | M106: =L106/$L$161 -> 0.00038868116
B108: 13 | C108: SERVIÇOS FINAIS | L108: =SUM(L109) -> 521.36 | M108: =L108/$L$161 -> 0.00046487304
A109: 98519 | B109: 13.1 | C109: REVOLVIMENTO E LIMPEZA MANUAL DE ÁREAS | D109: m² | E109: 98 | F109: 4.36 | G109: =ROUND((F109*(1+$G$13)*0.3),2) -> 1.6 | H109: =ROUND((F109*(1+$G$13)*0.7),2) -> 3.72 | I109: =H109+G109 -> 5.32 | J109: =ROUND(G109*E109,2) -> 156.8 | K109: =ROUND(H109*E109,2) -> 364.56 | L109: =K109+J109 -> 521.36 | M109: =L109/$L$161 -> 0.00046487304
C113: Rua Ermindo Weirich
B114: 14 | C114: SERVIÇOS PRELIMINARES | L114: =SUM(L115:L118) -> 4777.94 | M114: =L114/$L$161 -> 0.0042602722
A115: 90781 | B115: 14.1 | C115: TOPÓGRAFO COM ENCARGOS SOCIAIS | D115: H | E115: 7 | F115: 47.82 | G115: =ROUND((F115*(1+$G$13)*0.3),2) -> 17.49 | H115: =ROUND((F115*(1+$G$13)*0.7),2) -> 40.82 | I115: =H115+G115 -> 58.31 | J115: =ROUND(G115*E115,2) -> 122.43 | K115: =ROUND(H115*E115,2) -> 285.74 | L115: =K115+J115 -> 408.17 | M115: =L115/$L$161 -> 0.00036394666
A116: 88253 | B116: 14.2 | C116: AUXILIAR DE TOPÓGRAFO COM ENCARGOS SOCIAIS | D116: H | E116: 7 | F116: 24.37 | G116: =ROUND((F116*(1+$G$13)*0.3),2) -> 8.92 | H116: =ROUND((F116*(1+$G$13)*0.7),2) -> 20.8 | I116: =H116+G116 -> 29.72 | J116: =ROUND(G116*E116,2) -> 62.44 | K116: =ROUND(H116*E116,2) -> 145.6 | L116: =K116+J116 -> 208.04 | M116: =L116/$L$161 -> 0.00018549982
A117: 103689 | B117: 14.3 | C117: FORNECIMENTO E INSTALAÇÃO DE PLACA DE OBRA COM CHAPA GALVANIZADA E ESTRUTURA DE MADEIRA - PADRÃO GOPVERNO FEDERAL - 300X200 | D117: m² | E117: =2*3 -> 6 | F117: 496.79 | G117: =ROUND((F117*(1+$G$13)*0.3),2) -> 181.75 | H117: =ROUND((F117*(1+$G$13)*0.7),2) -> 424.08 | I117: =H117+G117 -> 605.83 | J117: =ROUND(G117*E117,2) -> 1090.5 | K117: =ROUND(H117*E117,2) -> 2544.48 | L117: =K117+J117 -> 3634.98 | M117: =L117/$L$161 -> 0.0032411466
A118: 98525 | B118: 14.4 | C118: LIMPEZA DO TERRENO. REMOÇÃO MECANIZADA DA CAMADA DE VEGETAÇÃO, REMOÇÃO DE MATERIAL, NIVELAMENTO. 245m X 2,50m | D118: m² | E118: =245*2.5 -> 612.5 | F118: 0.7 | G118: =ROUND((F118*(1+$G$13)*0.3),2) -> 0.26 | H118: =ROUND((F118*(1+$G$13)*0.7),2) -> 0.6 | I118: =H118+G118 -> 0.86 | J118: =ROUND(G118*E118,2) -> 159.25 | K118: =ROUND(H118*E118,2) -> 367.5 | L118: =K118+J118 -> 526.75 | M118: =L118/$L$161 -> 0.00046967906
B120: 15 | C120: MOVIMENTAÇÃO DE TERRA | L120: =SUM(L121:L123) -> 53695.42 | M120: =L120/$L$161 -> 0.047877768
A121: 101245 | B121: 15.1 | C121: ESCAVAÇÃO VERTICAL A CÉU ABERTO EM OBRAS DE INFRAESTRUTURA, INC. CARGA/DESCARGA E TRANSPORTE, EM SOLO DE 1ª CATEGORIA, C/ ESCAVADEIRA HIDRAULICA, DMT 2KM - COMPRIMENTO INTERVENÇÕES * 1,2 cm * 1,20m - INCLUINDO DEMOLIÇÃO MECÂNICA DAS CAIXAS EXISTENTES | D121: m³ | E121: 977.4 | F121: 18.58 | G121: =ROUND((F121*(1+$G$13)*0.3),2) -> 6.8 | H121: =ROUND((F121*(1+$G$13)*0.7),2) -> 15.86 | I121: =H121+G121 -> 22.66 | J121: =ROUND(G121*E121,2) -> 6646.32 | K121: =ROUND(H121*E121,2) -> 15501.56 | L121: =K121+J121 -> 22147.88 | M121: =L121/$L$161 -> 0.019748259
A122: 100574 | B122: 15.2 | C122: ESPALHAMENTO DE MATERIAL COM TRATOR ESTEIRA (30% Empolamento) | D122: m³ | E122: =ROUND((E121)*1.3,2) -> 1270.62 | F122: 1.48 | G122: =ROUND((F122*(1+$G$13)*0.3),2) -> 0.54 | H122: =ROUND((F122*(1+$G$13)*0.7),2) -> 1.26 | I122: =H122+G122 -> 1.8 | J122: =ROUND(G122*E122,2) -> 686.13 | K122: =ROUND(H122*E122,2)+0.01 -> 1600.99 | L122: =K122+J122 -> 2287.12 | M122: =L122/$L$161 -> 0.0020393211
A123: 93382 | B123: 15.3 | C123: REATERRO MANUAL DE VALA, COM COMPACTADOR DE SOLO DE PERCUSSÃO | D123: m³ | E123: 774.7 | F123: 30.97 | G123: =ROUND((F123*(1+$G$13)*0.3),2) -> 11.33 | H123: =ROUND((F123*(1+$G$13)*0.7),2) -> 26.44 | I123: =H123+G123 -> 37.77 | J123: =ROUND(G123*E123,2) -> 8777.35 | K123: =ROUND(H123*E123,2) -> 20483.07 | L123: =K123+J123 -> 29260.42 | M123: =L123/$L$161 -> 0.026090188
B125: 16 | C125: DRENAGEM DE ÁGUAS PLUVIAIS E ENTRADAS MORADORES | L125: =SUM(L126:L130) -> 236237.92 | M125: =L125/$L$161 -> 0.21064263
A126: 2003830 - SICRO | B126: 16.1 | C126: TUBO DE CONCRETO PA1, DN 1.000mm, FORNECIMENTO E INSTALAÇÃO | D126: UNID | E126: 245 | F126: 649.12 | G126: =ROUND((F126*(1+$G$13)*0.3),2) -> 237.48 | H126: =ROUND((F126*(1+$G$13)*0.7),2) -> 554.12 | I126: =H126+G126 -> 791.6 | J126: =ROUND(G126*E126,2) -> 58182.6 | K126: =ROUND(H126*E126,2) -> 135759.4 | L126: =K126+J126 -> 193942 | M126: =L126/$L$161 -> 0.17292928
...

Sheet Orcamento Resumo
B7: Estado do Rio Grande do Sul
B8: MUNICÍPIO DE SÃO VENDELINO
B9: Proprietario: Prefeitura Municipal de São Vendelino - RS
B12: PLANILHA DE ORCAMENTO RESUMO
C13: DESCRICAO ATIVIDADE | G13: Valor
B14: =[1]Orcamento!B15 -> 1 | C14: =Orcamento!C18 -> SERVIÇOS PRELIMINARES | G14: =Orcamento!L18 -> 4440.82
B15: =[1]Orcamento!B22 -> 2 | C15: =Orcamento!C27 -> MOVIMENTAÇÃO DE TERRA | G15: =Orcamento!L27 -> 47217.18
B16: =[1]Orcamento!B32 -> 3 | C16: =Orcamento!C40 -> CALÇADA DE PASSEIO | G16: =Orcamento!L40 -> 70839.97
B17: =[1]Orcamento!B47 -> 4 | C17: =Orcamento!#REF! -> #REF! | G17: =Orcamento!#REF! -> #REF!
B18: =[1]Orcamento!B51 -> 5 | C18: =Orcamento!#REF! -> #REF! | G18: =Orcamento!#REF! -> #REF!
C19: TOTAL | G19: =SUM(G14:G18) -> #REF!
B23: Forquetinha-RS, 26 de maio de 2025.
D25: EVERSON SERGIO KERBES
D26: ENGENHEIRO CIVIL
D27: CREA/RS 124.620

Sheet Cronograma
B13: Estado do Rio Grande do Sul
B14: MUNICÍPIO DE SÃO VENDELINO
B15: Proprietario: Prefeitura Municipal de SÃO VENDELINO - RS
B16: Obra: Drenagem Rua José Fritzen e Rua Emancipação - Calçada de Passeio; Rua Silfredo Seibert; Rua Ermindo Weirich.
B18: CRONOGRAMA FÍSICO-FINANCEIRO
B21: ITEM | C21: DESCRIÇÃO | D21: Total Servico | E21: PARCELA 1 | F21: % Acum | G21: PARCELA 2 | H21: % Acum | I21: PARCELA 3 | J21: % Acum
B22: Rua José Fritzen e Emancipação | D22: =D23+D25+D27+D29+D31+D33+D35+D37 -> 488264.76
B23: 1. | C23: =Orcamento!C18 -> SERVIÇOS PRELIMINARES | D23: =Orcamento!L18 -> 4440.82 | E23: =E24*D23 -> 4440.82 | G23: =G24*D23 -> 0 | I23: =I24*D23 -> 0
E24: 1 | F24: =E24 -> 1 | H24: =G24+E24 -> 1 | J24: =I24+H24 -> 1
B25: 2. | C25: =Orcamento!C24 -> DEMOLIÇÕES DE CALÇADA DE PASSEIO EXISTENTE | D25: =Orcamento!L24 -> 7675.92 | E25: =E26*D25 -> 3070.368 | G25: =G26*D25 -> 4605.552 | I25: =I26*D25 -> 0
E26: 0.4 | F26: =E26 -> 0.4 | G26: 0.6 | H26: =G26+E26 -> 1 | J26: =I26+H26 -> 1
B27: 3. | C27: =Orcamento!C27 -> MOVIMENTAÇÃO DE TERRA | D27: =Orcamento!L27 -> 47217.18 | E27: =E28*D27 -> 28330.308 | G27: =G28*D27 -> 18886.872 | I27: =I28*D27 -> 0
E28: 0.6 | F28: =E28 -> 0.6 | G28: 0.4 | H28: =G28+E28 -> 1 | J28: =I28+H28 -> 1
B29: 4. | C29: =Orcamento!C32 -> DRENAGEM DE ÁGUAS PLUVIAIS E ENTRADAS MORADORES | D29: =Orcamento!L32 -> 212073.18 | E29: =E30*D29 -> 0 | G29: =G30*D29 -> 127243.91 | I29: =I30*D29 -> 84829.272
E30: 0 | F30: =E30 -> 0 | G30: 0.6 | H30: =G30+E30 -> 0.6 | I30: 0.4 | J30: =I30+H30 -> 1
B31: 5. | C31: =Orcamento!C40 -> CALÇADA DE PASSEIO | D31: =Orcamento!L40 -> 70839.97 | E31: =E32*D31 -> 0 | G31: =G32*D31 -> 42503.982 | I31: =I32*D31 -> 28335.988
F32: =E32 -> 0 | G32: 0.6 | H32: =G32+E32 -> 0.6 | I32: 0.4 | J32: =I32+H32 -> 1
B33: 6. | C33: =Orcamento!C53 -> INTERVENÇÕES NA CAIXA CARROÇÁVEL COM CBUQ | D33: =Orcamento!L53 -> 36879.21 | E33: =E34*D33 -> 0 | G33: =G34*D33 -> 14751.684 | I33: =I34*D33 -> 22127.526
F34: =E34 -> 0 | G34: 0.4 | H34: =G34+E34 -> 0.4 | I34: 0.6 | J34: =I34+H34 -> 1
B35: 7. | C35: =Orcamento!C68 -> DESLOCAMENTO DE REDE DE ENERGIA ELÉTRICA | D35: =Orcamento!L68 -> 108000 | E35: =E36*D35 -> 0 | G35: =G36*D35 -> 64800 | I35: =I36*D35 -> 43200
F36: =E36 -> 0 | G36: 0.6 | H36: =G36+E36 -> 0.6 | I36: 0.4 | J36: =I36+H36 -> 1
B37: 8. | C37: =Orcamento!C71 -> SERVIÇOS FINAIS | D37: =Orcamento!L71 -> 1138.48 | E37: =E38*D37 -> 0 | G37: =G38*D37 -> 455.392 | I37: =I38*D37 -> 683.088
F38: =E38 -> 0 | G38: 0.4 | H38: =G38+E38 -> 0.4 | I38: 0.6 | J38: =I38+H38 -> 1 | K38: =D23+D25+D27+D29+D31+D33+D35+D37 -> 488264.76
B39: Rua Silfredo Seibert - Linha Neis | D39: =D40+D42+D44+D46+D48 -> 227742.21
B40: 9. | C40: =Orcamento!C77 -> SERVIÇOS PRELIMINARES | D40: =Orcamento!L77 -> 4251.19 | E40: =E41*D40 -> 4251.19 | G40: =G41*D40 -> 0 | I40: =I41*D40 -> 0
E41: 1 | F41: =E41 -> 1 | H41: =G41+E41 -> 1 | J41: =I41+H41 -> 1
B42: 10. | C42: =Orcamento!C82 -> MOVIMENTAÇÃO DE TERRA | D42: =Orcamento!L82 -> 13325.16 | E42: =E43*D42 -> 3997.548 | G42: =G43*D42 -> 9327.612 | I42: =I43*D42 -> 0
E43: 0.3 | F43: =E43 -> 0.3 | G43: 0.7 | H43: =G43+E43 -> 1 | J43: =I43+H43 -> 1
B44: 11. | C44: =Orcamento!C90 -> DRENAGEM DE ÁGUAS PLUVIAIS E ENTRADAS MORADORES | D44: =Orcamento!L90 -> 179069.5 | E44: =E45*D44 -> 35813.9 | G44: =G45*D44 -> 107441.7 | I44: =I45*D44 -> 35813.9
E45: 0.2 | F45: =E45 -> 0.2 | G45: 0.6 | H45: =G45+E45 -> 0.8 | I45: 0.2 | J45: =I45+H45 -> 1
B46: 12. | C46: =Orcamento!C95 -> INTERVENÇÕES NA CAIXA CARROÇÁVEL COM CBUQ | D46: =Orcamento!L95 -> 30575 | E46: =E47*D46 -> 0 | G46: =G47*D46 -> 12230 | I46: =I47*D46 -> 18345
F47: =E47 -> 0 | G47: 0.4 | H47: =G47+E47 -> 0.4 | I47: 0.6 | J47: =I47+H47 -> 1
B48: 13. | C48: =Orcamento!C108 -> SERVIÇOS FINAIS | D48: =Orcamento!L108 -> 521.36 | E48: =E49*D48 -> 0 | G48: =G49*D48 -> 312.816 | I48: =I49*D48 -> 208.544
F49: =E49 -> 0 | G49: 0.6 | H49: =G49+E49 -> 0.6 | I49: 0.4 | J49: =I49+H49 -> 1 | K49: =D40+D42+D44+D46+D48 -> 227742.21
B50: Rua Ermindo Weirich | D50: =D51+D53+D55+D57++D59+D61 -> 405503.53
B51: 14. | C51: =Orcamento!C114 -> SERVIÇOS PRELIMINARES | D51: =Orcamento!L114 -> 4777.94 | E51: =E52*D51 -> 4777.94 | G51: =G52*D51 -> 0 | I51: =I52*D51 -> 0
E52: 1 | F52: =E52 -> 1 | H52: =G52+E52 -> 1 | J52: =I52+H52 -> 1
B53: 15. | C53: =Orcamento!C120 -> MOVIMENTAÇÃO DE TERRA | D53: =Orcamento!L120 -> 53695.42 | E53: =E54*D53 -> 16108.626 | G53: =G54*D53 -> 32217.252 | I53: =I54*D53 -> 5369.542
E54: 0.3 | F54: =E54 -> 0.3 | G54: 0.6 | H54: =G54+E54 -> 0.9 | I54: 0.1 | J54: =I54+H54 -> 1
B55: 16. | C55: =Orcamento!C125 -> DRENAGEM DE ÁGUAS PLUVIAIS E ENTRADAS MORADORES | D55: =Orcamento!L125 -> 236237.92 | E55: =E56*D55 -> 47247.584 | G55: =G56*D55 -> 141742.75 | I55: =I56*D55 -> 47247.584
E56: 0.2 | F56: =E56 -> 0.2 | G56: 0.6 | H56: =G56+E56 -> 0.8 | I56: 0.2 | J56: =I56+H56 -> 1
B57: 17. | C57: =Orcamento!C132 -> CALÇADA DE PASSEIO | D57: =Orcamento!L132 -> 99124.08 | E57: =E58*D57 -> 0 | G57: =G58*D57 -> 39649.632 | I57: =I58*D57 -> 59474.448
F58: =E58 -> 0 | G58: 0.4 | H58: =G58+E58 -> 0.4 | I58: 0.6 | J58: =I58+H58 -> 1
B59: 18. | C59: =Orcamento!C144 -> INTERVENÇÕES NA CAIXA CARROÇÁVEL COM CBUQ | D59: =Orcamento!L144 -> 8409.67 | E59: =E60*D59 -> 0 | G59: =G60*D59 -> 3363.868 | I59: =I60*D59 -> 5045.802
F60: =E60 -> 0 | G60: 0.4 | H60: =G60+E60 -> 0.4 | I60: 0.6 | J60: =I60+H60 -> 1
B61: 19. | C61: =Orcamento!C157 -> SERVIÇOS FINAIS | D61: =Orcamento!L157 -> 3258.5 | E61: =E62*D61 -> 0 | G61: =G62*D61 -> 1955.1 | I61: =I62*D61 -> 1303.4
F62: =E62 -> 0 | G62: 0.6 | H62: =G62+E62 -> 0.6 | I62: 0.4 | J62: =I62+H62 -> 1 | K62: =D51+D53+D55+D57+D59+D61 -> 405503.53
B63: TOTAL | D63: =D23+D25+D27+D29+D31+D33+D35+D37+D40+D42+D44+D46+D48+D51+D53+D55+D57+D59+D61 -> 1121510.5 | E63: =E23+E25+E27+E29+E31+E33+E35+E37+E40+E42+E44+E46+E48+E51+E53+E55+E57+E59+E61 -> 148038.28 | G63: =G23+G25+G27+G29+G31+G33+G35+G37+G40+G42+G44+G46+G48+G51+G53+G55+G57+G59+G61 -> 621488.12 | I63: =I23+I25+I27+I29+I31+I33+I35+I37+I40+I42+I44+I46+I48+I51+I53+I55+I57+I59+I61 -> 351984.09
D64: =D24+D26+D28+D30+D32 -> 0 | E64: =E63/$D$63 -> 0.13199902 | F64: =E64 -> 0.13199902 | G64: =G63/$D$63 -> 0.55415274 | H64: =G64+F64 -> 0.68615176 | I64: =I63/$D$63 -> 0.31384824 | J64: =I64+H64 -> 1
C67: São Vendelino-RS, 25 de agosto de 2026.
E69: EVERSON SERGIO KERBES
E70: ENGENHEIRO CIVIL
E71: CREA/RS 124.620

Sheet Composições
A11: Estado do Rio Grande do Sul
A12: MUNICÍPIO DE SÃO VENDELINO
A14: Composições
A17: CP1 | B17: EXECUÇÃO DE IMPRIMAÇÃO COM MATERIAL ASFÁLTICO
A18: Item | B18: Referência | D18: Seviços | E18: Und | F18: Quant | G18: Custo R$
G19: Unit. | H19: Total | J19: SINAPI 09/2023
A20: 1 | B20: SINAPI | C20: 5839 | D20: VASSOURA MECÂNICA REBOCÁVEL COM ESCOVA CILÍNDRICA, LARGURA ÚTIL DE VARRIMENTO DE 2,44 M (PRODUTIVO) | E20: h | F20: 0.002 | G20: 12.18 | H20: =ROUND(G20*F20,2) -> 0.02 | J20: ANP 08/2023
A21: 2 | B21: SINAPI | C21: 5841 | D21: VASSOURA MECÂNICA REBOCÁVEL COM ESCOVA CILÍNDRICA, LARGURA ÚTIL DE VARRIMENTO DE 2,44 M (IMPRODUTIVO) | E21: h | F21: 0.004 | G21: 6.12 | H21: =ROUND(G21*F21,2) -> 0.02 | I21: ANP - Jul/26 | J21: ICMS | K21: PIS | L21: COFINS | M21: TOTAL
A22: 3 | B22: ANP | C22: 41901 | D22: ASFALTO DILUIDO DE PETROLEO CM-30 (ACRESCIDO DE ICMS, PIS E COFINS) | E22: kg | F22: 1.2 | G22: =ROUND(I22*(1+M22),2) -> 8.98 | H22: =ROUND(G22*F22,2) -> 10.78 | I22: 6.95062 | J22: 0.2 | K22: 0.0165 | L22: 0.076 | M22: =L22+K22+J22 -> 0.2925
A23: 4 | B23: SINAPI | C23: 83362 | D23: ESPARGIDOR DE ASFALTO PRESSURIZADO, TANQUE 6 M3 COM ISOLAÇÃO TÉRMICA, AQUECIDO COM 2 MAÇARICOS, COM BARRA ESPARGIDORA 3,60 M, MONTADO SOBRE CAMINHÃO TOCO, PBT 14.300 KG, POTÊNCIA 185 CV (PRODUTIVO) | E23: h | F23: 0.001 | G23: 290.05 | H23: =ROUND(G23*F23,2) -> 0.29 | J23: 18% ICMS + 2% Fundo de Erradicação da Pobreza
A24: 5 | B24: SINAPI | C24: 88316 | D24: SERVENTE COM ENCARGOS COMPLEMENTARES | E24: h | F24: 0.0058 | G24: 25.81 | H24: =ROUND(G24*F24,2) -> 0.15 | J24: Nota nº 05/2021 nº 01 do SINAPI
A25: 6 | B25: SINAPI | C25: 89035 | D25: TRATOR DE PNEUS, POTÊNCIA 85 CV, TRAÇÃO 4X4, PESO COM LASTRO DE 4.675 KG (PRODUTIVO) | E25: h | F25: 0.0017 | G25: 141.06 | H25: =ROUND(G25*F25,2) -> 0.24
A26: 7 | B26: SINAPI | C26: 89036 | D26: TRATOR DE PNEUS, POTÊNCIA 85 CV, TRAÇÃO 4X4, PESO COM LASTRO DE 4.675 KG | E26: h | F26: 0.0041 | G26: 53.29 | H26: =ROUND(G26*F26,2) -> 0.22
A27: 8 | B27: SINAPI | C27: 91486 | D27: ESPARGIDOR DE ASFALTO PRESSURIZADO, TANQUE 6 M3 COM ISOLAÇÃO TÉRMICA, AQUECIDO COM 2 MAÇARICOS, COM BARRA ESPARGIDORA 3,60 M, MONTADO SOBRE CAMINHÃO TOCO, PBT 14.300 KG, POTÊNCIA 185 CV (IMPRODUTIVO) | E27: h | F27: 0.0049 | G27: 73.77 | H27: =ROUND(G27*F27,2) -> 0.36
A28: TOTAL DA COMPOSIÇÃO | H28: =SUM(H20:H27) -> 12.08
A30: CP2 | B30: EXECUÇÃO DE PINTURA DE LIGAÇÃO
A31: Item | B31: Referência | D31: Seviços | E31: Und | F31: Quant | G31: Custo R$
G32: Unit. | H32: Total
A33: 1 | B33: SINAPI | C33: 5839 | D33: VASSOURA MECÂNICA REBOCÁVEL COM ESCOVA CILÍNDRICA, LARGURA ÚTIL DE VARRIMENTO DE 2,44 M (PRODUTIVO) | E33: CHP | F33: 0.002 | G33: 12.18 | H33: =ROUND(G33*F33,2) -> 0.02
A34: 2 | B34: SINAPI | C34: 5841 | D34: VASSOURA MECÂNICA REBOCÁVEL COM ESCOVA CILÍNDRICA, LARGURA ÚTIL DE VARRIMENTO DE 2,44 M (IMPRODUTIVO) | E34: CHI | F34: 0.004 | G34: 6.12 | H34: =ROUND(G34*F34,2) -> 0.02 | I34: ANP - Jul/26 | J34: ICMS | K34: PIS | L34: COFINS | M34: TOTAL
A35: 3 | B35: ANP | C35: 41903 | D35: EMULSAO ASFALTICA CATIONICA RR-2C PARA USO EM PAVIMENTACAO ASFALTICA (COLETADO CAIXA NA ANP ACRESCIDO DE ICMS) | E35: kg | F35: 0.45 | G35: =ROUND(I35*(1+M35),2) -> 4.45 | H35: =ROUND(G35*F35,2) -> 2 | I35: 3.44528 | J35: 0.2 | K35: 0.0165 | L35: 0.076 | M35: =L35+K35+J35 -> 0.2925
A36: 4 | B36: SINAPI | C36: 83362 | D36: ESPARGIDOR DE ASFALTO PRESSURIZADO, TANQUE 6 M3 COM ISOLAÇÃO TÉRMICA, AQUECIDO COM 2 MAÇARICOS, COM BARRA ESPARGIDORA 3,60 M, MONTADO SOBRE CAMINHÃO TOCO, PBT 14.300 KG, POTÊNCIA 185 CV | E36: CHP | F36: 0.0004 | G36: 290.05 | H36: =ROUND(G36*F36,2) -> 0.12 | J36: 18% ICMS + 2% Fundo de Erradicação da Pobreza
A37: 5 | B37: SINAPI | C37: 88316 | D37: SERVENTE COM ENCARGOS COMPLEMENTARES | E37: h | F37: 0.0055 | G37: 25.81 | H37: =ROUND(G37*F37,2) -> 0.14 | J37: Nota nº 05/2021 nº 01 do SINAPI
A38: 6 | B38: SINAPI | C38: 89035 | D38: TRATOR DE PNEUS, POTÊNCIA 85 CV, TRAÇÃO 4X4, PESO COM LASTRO DE 4.675 KG | E38: CHP | F38: 0.0017 | G38: 141.06 | H38: =ROUND(G38*F38,2) -> 0.24
A39: 7 | B39: SINAPI | C39: 89036 | D39: TRATOR DE PNEUS, POTÊNCIA 85 CV, TRAÇÃO 4X4, PESO COM LASTRO DE 4.675 KG | E39: CHI | F39: 0.0038 | G39: 53.29 | H39: =ROUND(G39*F39,2) -> 0.2
A40: 8 | B40: SINAPI | C40: 91486 | D40: ESPARGIDOR DE ASFALTO PRESSURIZADO, TANQUE 6 M3 COM ISOLAÇÃO TÉRMICA, AQUECIDO COM 2 MAÇARICOS, COM BARRA ESPARGIDORA 3,60 M, MONTADO SOBRE CAMINHÃO TOCO, PBT 14.300 KG, POTÊNCIA 185 CV | E40: CHI | F40: 0.0051 | G40: 73.77 | H40: =ROUND(G40*F40,2) -> 0.38
A41: TOTAL DA COMPOSIÇÃO | H41: =SUM(H33:H40) -> 3.12
A43: CP3 | B43: TAMPA DE CONCRETO PARA POÇO DE VISITA - 1,6x1,6x0,10
A44: Item | B44: Referência | D44: Seviços | E44: Und | F44: Quant | G44: Custo R$
G45: Unit. | H45: Total
A46: 1 | B46: SINAPI | C46: 97096 | D46: CONCRETAGEM DE RADIER, PISO DE CONCRETO OU LAJE SOBRE SOLO, FCK 30MPA, LANÇAMENTO, ADENSAMENTO E ACABAMENTO | E46: m³ | F46: =1.6*1.6*0.1 -> 0.256 | G46: 828.03 | H46: =G46*F46 -> 211.97568
A47: 2 | B47: SINAPI | C47: 92767 | D47: ARMAÇÃO DE LAJE DE STRUTURA CONVENCIONAL, CONCRETO ARMADO UTILIZANDO AÇO CA-60 DE 4,2mm - MALHA DUPLA, 10x10 - 57,6m DE FERRO 4,2mm | E47: KG | F47: =57.6*0.109 -> 6.2784 | G47: 15.15 | H47: =G47*F47 -> 95.11776
A48: 3 | B48: SINAPI | C48: 97086 | D48: FABRICAÇÃO, MONTAGEM E DESMONTAGEM DE FORMA PARA RADIER, PISO DE CONCRETO OU LAJE SOBRE SOLO, EM MADEIRA SERRADA - 4 UTILIZAÇÕES | E48: m² | F48: =(1.6*1.6)+(1.6*4*0.1) -> 3.2 | G48: 114.85 | H48: =G48*F48 -> 367.52
A49: TOTAL DA COMPOSIÇÃO | H49: =H46+H47+H48 -> 674.61344
A51: CP4 | B51: ALVENARIAS PARA POÇO DE VISITA - 1,25x1,25x0,19
A52: Item | B52: Referência | D52: Seviços | E52: Und | F52: Quant | G52: Custo R$
G53: Unit. | H53: Total
A54: 1 | B54: SINAPI | C54: 101165 | D54: ALVENARIA DE EMBASAMENTO COM BLOCOS ESTRUTURAIS DE CONCRETO, OU PEDRA GRÊS DE 14X19X29 | E54: m³ | F54: =(1.2*1.2)*4*0.25 -> 1.44 | G54: 1192.88 | H54: =G54*F54 -> 1717.7472
A55: TOTAL DA COMPOSIÇÃO | H55: =H54 -> 1717.7472
C59: São Vendelino - RS, 25 de agosto de 2026.
D62: EVERSON SERGIO KERBES
D63: CREA-RS 124.620
